 Seeded DCSS version 0.30.1-4-g462c640d31 (webtiles) character file.

Game seed: 6351066067085065685 (custom seed)

94635 Esekla the Eclecticist (level 15, 0/91 HPs)
             Began as a Deep Elf Necromancer on Aug 31, 2023.
             Was a High Priest of Vehumet.
             Slain by a broodmother (14 damage)
             ... on level 3 of the Spider Nest on Sept 1, 2023.
             The game lasted 03:27:16 (22208 turns).

Esekla the Eclecticist (Deep Elf Necromancer)      Turns: 22208, Time: 03:27:16

Health: 0/91       AC: 18    Str:  5 (6)  XL:     15   Next: 64%
Magic:  29/40      EV:  8    Int: 29 (31) God:    Vehumet [*****.]
Gold:   1302       SH:  0    Dex: 15      Spells: 5/52 levels left

rFire   . . .        a - +9 scimitar (flame)
rCold   . . .        H - +0 buckler
rNeg    + . .        m - +0 troll leather armour
rPois   +            l - +2 helmet {Int+3}
rElec   +            Z - +1 cloak
rCorr   .            G - +0 pair of gloves
SInv    .            L - +1 pair of boots of Piysunuo {Str+3}
Will    +....        f - amulet of magic regeneration
Stlth   +++          M - ring of Greed {rElec rPois rN+ AC+4 Str-2}
HPRegen 1.15/turn    C - ring of the Mage {Wiz Archmagi}
MPRegen 0.67/turn

%: wizardry (x1), archmagi
@: wereblooded, held, studying Fighting
A: no striking features
a: Renounce Religion


You were on level 3 of the Spider Nest.
You worshipped Vehumet.
Vehumet was extremely pleased with you.
You visited 4 branches of the dungeon, and saw 22 of its levels.
You also visited: Trove and Bailey.

You collected 3288 gold pieces.
You spent 1986 gold pieces at shops.

Inventory:

Hand Weapons
 a - a +9 scimitar of flaming (weapon)
 c - a +5 scimitar
 r - a +4 trident of venom
 s - the +5 rapier of the Hero {heavy, rN+ Dex+3}
   (You found it on level 3 of the Dungeon)

   Dex:       It affects your dexterity (+3).
   rN:        It protects you from negative energy.
 x - a +2 vampiric dagger
Missiles
 t - 64 poisoned darts (quivered)
 N - 5 curare-tipped darts
 O - 13 boomerangs
Armour
 l - a +2 helmet of intelligence (worn)
 m - a +0 troll leather armour (worn)
 G - a +0 pair of gloves (worn)
 H - a +0 buckler (worn)
 L - the +1 pair of boots of Piysunuo (worn) {Str+3}
   (You found it on level 1 of the Spider Nest)

   Str:       It affects your strength (+3).
 R - a +2 robe of cold resistance
 Z - a +1 cloak (worn)
Jewellery
 f - an amulet of magic regeneration (around neck)
 C - the ring of the Mage (right hand) {Wiz Archmagi}
   (You bought it in a shop on level 2 of the Dungeon)

   [ring of wizardry]

   It improves your spell success rate.
   Archmagi:  It increases the power of your magical spells.
 M - the ring of Greed (left hand) {rElec rPois rN+ AC+4 Str-2}
   (You bought it in a shop on level 2 of the Dungeon)

   [ring of protection]

   AC:        It affects your AC (+4).
   Str:       It affects your strength (-2).
   rElec:     It insulates you from electricity.
   rPois:     It protects you from poison.
   rN:        It protects you from negative energy.
 Q - a ring of see invisible
 S - an amulet of reflection
 U - a ring of ice
 V - the ring of Akemeir {Fire Str+4}
   (You found it in a treasure trove)

   [ring of fire]

   It enhances your fire magic.
   Str:       It affects your strength (+4).
   rF:        It protects you from fire.
   rC:        It makes you vulnerable to cold.
 W - the ring of Descent {rPois rC+ Int+5 Stlth-}
   (You found it in a treasure trove)

   [ring of protection from cold]

   Int:       It affects your intelligence (+5).
   rC:        It protects you from cold.
   rPois:     It protects you from poison.
   Stlth:     It makes you less stealthy.
Wands
 h - a wand of roots (28)
 B - a wand of flame (31)
 E - a wand of quicksilver (3)
 J - a wand of mindburst (8)
 X - a wand of digging (11)
Scrolls
 k - 3 scrolls of acquirement
 n - a scroll of amnesia
 o - 2 scrolls of enchant armour
 q - 4 scrolls of blinking
 u - 4 scrolls of fog
 y - 3 scrolls of fear
 A - 2 scrolls of magic mapping
 D - 2 scrolls of silence
 F - 8 scrolls of teleportation
 I - 2 scrolls of poison
Potions
 b - 3 potions of magic
 d - 2 potions of ambrosia
 e - 9 potions of attraction {unknown}
 g - a potion of heal wounds
 i - 10 potions of haste
 j - 3 potions of curing
 p - a potion of cancellation {unknown}
 v - 6 potions of brilliance
 w - a potion of berserk rage {unknown}
 z - 3 potions of lignification
 K - 2 potions of resistance
 P - 4 potions of flight
 Y - 2 potions of might


   Skills:
 * Level 9.4 Fighting
 + Level 4.1(5.0) Short Blades
 + Level 3.9(4.6) Long Blades
 + Level 2.4 Throwing
 + Level 6.0 Armour
 * Level 10.8 Dodging
 + Level 5.0 Stealth
 + Level 3.3 Shields
 * Level 19.2 Spellcasting
 + Level 5.7 Conjurations
 + Level 11.3 Necromancy
 + Level 6.4 Translocations
 + Level 5.7 Transmutations
 + Level 5.5 Fire Magic
 + Level 6.1 Ice Magic
 + Level 5.4 Air Magic
 * Level 4.9 Earth Magic
 + Level 8.9 Poison Magic
 + Level 0.4 Evocations


You had 5 spell levels left.
You knew the following spells:

 Your Spells              Type           Power      Damage    Failure   Level
a - Magic Dart            Conj           100%       1d8       1%          1
b - Necrotise             Necr           100%       1d9       1%          1
c - Mephitic Cloud        Conj/Pois/Air  79%        N/A       1%          3
d - Vampiric Draining     Necr           96%        2d12      1%          3
e - Arcjolt               Conj/Air       37%        1d47      1%          5
f - Fireball              Conj/Fire      37%        3d15      1%          5
g - Kiss of Death         Conj/Necr      100%       2d13      1%          1
l - Lee's Rapid Deconstr  Erth           35%        3d18*     1%          5
n - Ignite Poison         Fire/Tmut/Pois 79%        N/A       1%          3
t - Teleport Other        Tloc           78%        N/A       1%          3
v - Poisonous Vapours     Pois/Air       100%       N/A       1%          2
w - Wereblood             Tmut           75%        N/A       1%          2
x - Olgreb's Toxic Radia  Pois           88%        N/A       1%          4
y - Sticky Flame          Conj/Fire      74%        2d9       1%          4
z - Freezing Cloud        Conj/Ice/Air   37%        6-21      1%          5

Your spell library contained the following spells:

 Spells                   Type           Power      Damage    Failure   Level
 Foxfire                  Conj/Fire      100%       2x1d9     1%          1
 Lesser Beckoning         Tloc           100%       N/A       1%          2
 Sublimation of Blood     Necr           96%        N/A       1%          2
 Dazzling Flash           Conj/Hex       100%       N/A       1%          3
 Gell's Gravitas          Tloc           78%        N/A       1%          3
 Hailstorm                Conj/Ice       75%        3d15      1%          3
 Portal Projectile        Hex/Tloc       100%       N/A       1%          3
 Spider Form              Tmut/Pois      81%        N/A       1%          3
 Vhi's Electric Charge    Tloc/Air       100%       N/A       1%          3
 Animate Dead             Necr           96%        N/A       1%          4
 Manifold Assault         Tloc           78%        N/A       1%          4
 Passage of Golubria      Tloc           78%        N/A       1%          4
 Agony                    Necr           96%        N/A       1%          5
 Summon Ice Beast         Ice/Summ       62%        N/A       4%          4
 Silence                  Hex/Air        30%        N/A       14%         5
 Cause Fear               Hex            20%        N/A       16%         4
 Summon Mana Viper        Hex/Summ       41%        N/A       38%         5
 Starburst                Conj/Fire      37%        6d11      7%          6
 Plasma Beam              Fire/Air       37%        2x1d55    8%          6
 Dispersal                Tloc           39%        N/A       17%         6
 Spellforged Servitor     Conj/Summ      30%        N/A       63%         7
 Ignition                 Fire           37%        3d11      88%         8
 Maxwell's Capacitive Co  Air            36%        ∞         89%         8
 Lehudib's Crystal Spear  Conj/Erth      36%        10d9      90%         8
 Disjunction              Tloc           39%        N/A       99%         8
 Summon Hydra             Summ           20%        N/A       100%        7


Dungeon Overview and Level Annotations

Branches:
Dungeon (12/15)            Temple (0/1) D:6            Lair (5/5) D:11
 Shoals (0/4) Lair:2       Spider (3/4) Lair:3        Slime (0/5) Lair:5
    Orc (2/2) D:10            Elf (0/3) Orc:2        Bailey (visited)

Altars:
Dithmenos
Fedhas
Hepliaklqana
Nemelex Xobeh
Okawaru
Qazlal
Ru
Trog
Uskayaw
Vehumet
Zin
The Shining One
Jiyva

Shops:
D:2 =   D:4 (   D:11 *   Orc:2 **[:

Portals:
Pandemonium: Orc:2

Annotations:
D:8 1 transporter


Message History

You feel a surge of power!
You draw life force from the broodmother!
You feel life coursing into your body.
The broodmother burns!
The wolf spider hits you but does no damage.
The wolf spider bites you but does no damage.
The wolf spider hits you!
The wolf spider bites you but does no damage.
The jumping spider pounces on you.
The jumping spider bites you but does no damage.
The broodmother barely misses you.
The jumping spider leaps!
The culicivora is engulfed in freezing vapours.
The wolf spider is healed somewhat.
The wolf spider hits you but does no damage.
The wolf spider bites you!
You are poisoned.
The wolf spider poisons you!
The jumping spider pounces on you but does no damage.
The jumping spider bites you. The wolf spider hits you!
* * * LOW HITPOINT WARNING * * *
The wolf spider bites you but does no damage.
Casting: Vampiric Draining (safe; 1% risk of failure)
Confirm with . or Enter, or press ? or * to list all spells.
Okay, then.
You feel better.
The broodmother burns!
The jumping spider leaps!
The culicivora is engulfed in freezing vapours.
The broodmother bites you!
* * * LOW HITPOINT WARNING * * *
The wolf spider barely misses you.
The wolf spider bites you but does no damage.
The wolf spider hits you but does no damage.
The wolf spider bites you.
* * * LOW HITPOINT WARNING * * *
The jumping spider pounces on you.
* * * LOW HITPOINT WARNING * * *
You are even more entangled.
The jumping spider barely misses you.
The culicivora is engulfed in freezing vapours.
You kill the culicivora!
The culicivora's corpse disappears in a puff of smoke!
The broodmother bites you!
You die...

###..........^. #
#...#......^ ....≈.. #
#..##...#[^ ..^.^^#
###..# #.#.†# ≈≈≈...
.#..)# #....# .....
#....###.#..## ^^^#
#.....##.#...# .§§##§.
##....###....#
##s°§§§..
##...#......###@s§§#
##..........##.ss>.#
##...##.........s...#
#....###.....○......#
.....# #.............#
.....# #...○.........#
#...###..#...........#
.....#.####....####.##
####### ##...# ##


You could see a broodmother (burning), 2 wolf spiders and 2 jumping spiders.

Vanquished Creatures
  Rupert (Lair:4)
  2 emperor scorpions (Spider:3)
  A ghost moth (Spider:3)
  2 orc warlords
  Azrael (Orc:2)
  2 spark wasps
  5 entropy weavers
  2 fire dragons (Lair:5)
  3 hydras
  Harold (D:9)
  3 boulder beetles
  A demonspawn (Orc:2)
  A radroach (Spider:3)
  A catoblepas (Lair:5)
  3 jorogumos
  3 two-headed ogres
  3 orc high priests (Orc:2)
  A pharaoh ant (Spider:1)
  A sun moth (Spider:1)
  Lodul (D:11)
  A skyshark (Lair:4)
  5 orb spiders
  Pikel (D:6)
  A swamp dragon (Lair:5)
  2 lindwurms (Lair:5)
  2 steelbarb worms (Spider:1)
  An oklob plant (Lair:5)
  4 wolf spiders
  8 orc knights
  7 cyclopes
  9 orc sorcerers (Orc:2)
  2 moths of wrath (Spider:1)
  Joseph (D:7)
  A merfolk siren (Lair:2)
  2 black mambas
  7 torpor snails
  A smoke demon (Orc:2)
  9 elephants (Lair:5)
  A gargoyle (D:11)
  3 demonic crawlers
  11 cane toads
  Psyche (D:11)
  3 rime drakes
  14 komodo dragons
  2 merfolk (Lair:2)
  A red devil (Orc:2)
  3 tyrant leeches (Lair:5)
  A polar bear (D:11)
  7 trolls
  6 tarantellas
  9 hornets
  5 blink frogs (Lair:1)
  7 jumping spiders
  4 centaur simulacra (D:11)
  11 spriggans (Lair:3)
  33 yaks
  4 culicivoras
  A wraith (D:12)
  5 basilisks
  A chaos spawn (Orc:2)
  3 fire elementals (Orc:2)
  3 steam dragons
  5 wyverns
  17 redbacks
  Menkaure (D:7)
  3 wargs
  2 acid dragons (Lair:5)
  6 ice beasts
  14 water moccasins
  4 hell hounds (Orc:2)
  2 swamp drakes (Lair:5)
  A sky beast (D:6)
  43 orc warriors
  2 black bears
  17 ogres
  2 centaurs
  3 boggarts (Lair:3)
  12 wolves
  A phantom (D:7)
  Blork the orc (D:6)
  4 kobold brigands
  4 gnoll sergeants
  An earth elemental (D:11)
  10 bullfrogs
  3 scorpions
  10 wights
  21 killer bees
  2 howler monkeys (D:10)
  An electric eel (D:11)
  2 quasits
  3 gnoll boudas
  6 hounds
  A jelly (D:6)
  Crazy Yiuf (D:7)
  32 orc priests
  A sleepcap (D:5)
  7 iguanas
  14 orc wizards
  12 hell rats
  34 gnolls
  9 adders
  3 shadow imps (D:8)
  9 white imps
  4 ufetubi
  3 dart slugs
  95 orcs
  4 endoplasms
  9 goblins
  7 hobgoblins
  A quokka (D:1)
  6 ball pythons
  4 bats
  4 frilled lizards
  21 kobolds
  A rat (D:2)
726 creatures vanquished.

Vanquished Creatures (collateral kills)
  A spriggan (Lair:3)
1 creature vanquished.

Grand Total: 727 creatures vanquished

Notes
Turn   | Place    | Note
-------+----------+-------------------------------------------
     0 | D:1      | Esekla the Deep Elf Necromancer began the quest for the
                  | Orb.
     0 | D:1      | Reached XP level 1. HP: 10/10 MP: 6/6
   178 | D:2      | Found Renulab's Jewellery Shop.
   246 | D:2      | Reached skill level 5 in Necromancy
   246 | D:2      | Reached XP level 2. HP: 15/15 MP: 8/8
   522 | D:4      | Found an iron altar of Okawaru.
   533 | D:4      | Found a glowing silver altar of Zin.
   612 | D:4      | Found a radiant altar of Vehumet.
   616 | D:4      | Became a worshipper of Vehumet
  1126 | D:3      | Reached XP level 3. HP: 19/19 MP: 9/9
  1130 | D:3      | Learned a level 3 spell: Vampiric Draining
  1181 | D:3      | Identified the +5 rapier of the Hero {heavy, rN+ Dex+3}
  1475 | D:2      | Reached XP level 4. HP: 8/24 MP: 0/11
  1500 | D:2      | Found a faded altar of an unknown god.
  1639 | D:2      | Noticed a black bear
  1653 | D:2      | Killed a black bear
  1654 | D:2      | Reached skill level 1 in Short Blades
  1654 | D:2      | Reached skill level 4 in Spellcasting
  1654 | D:2      | Reached XP level 5. HP: 28/28 MP: 5/13
  1802 | D:1      | Reached * piety under Vehumet
  1802 | D:1      | Offered knowledge of Magic Dart by Vehumet.
  1819 | D:1      | Learned a level 1 spell: Magic Dart
  2307 | D:3      | Found a stormy altar of Qazlal.
  2310 | D:3      | Found a hazy altar of Hepliaklqana.
  2310 | D:3      | Found a bloodstained altar of Trog.
  2523 | D:4      | Found Ponaysk's Antique Weapon Boutique.
  2573 | D:5      | Entered Level 5 of the Dungeon
  2585 | D:5      | Reached XP level 6. HP: 32/32 MP: 14/14
  2627 | D:5      | Found a shadowy altar of Dithmenos.
  2796 | D:5      | Reached skill level 5 in Spellcasting
  2803 | D:5      | Reached skill level 1 in Conjurations
  2907 | D:5      | Reached XP level 7. HP: 30/36 MP: 3/17
  3029 | D:5      | Got the Parchment of the Lumpy Olives
  3080 | D:5      | Reached skill level 6 in Spellcasting
  3268 | D:6      | Reached ** piety under Vehumet
  3286 | D:6      | Offered knowledge of Kiss of Death by Vehumet.
  3331 | D:5      | Learned a level 3 spell: Teleport Other
  3333 | D:5      | Learned a level 1 spell: Kiss of Death
  3454 | D:4      | Found a glowing golden altar of the Shining One.
  3658 | D:4      | Reached skill level 7 in Spellcasting
  3830 | D:6      | Noticed Pikel
  3857 | D:6      | Found a staircase to the Ecumenical Temple.
  3871 | D:6      | Reached XP level 8. HP: 39/41 MP: 18/20
  3890 | D:6      | Killed Pikel
  3891 | D:6      | Reached skill level 5 in Dodging
  3891 | D:6      | Reached skill level 8 in Spellcasting
  3891 | D:6      | Reached skill level 1 in Translocations
  4036 | D:6      | Reached skill level 1 in Throwing
  4121 | D:6      | Offered knowledge of Volatile Blastmotes by Vehumet.
  4163 | D:6      | Found a blossoming altar of Fedhas.
  4407 | D:7      | Found a runed translucent door.
  4408 | D:7      | Noticed Crazy Yiuf
  4419 | D:7      | Killed Crazy Yiuf
  4583 | D:6      | Noticed Blork the orc
  4607 | D:6      | Killed Blork the orc
  4607 | D:6      | Reached *** piety under Vehumet
  4816 | D:7      | Reached XP level 9. HP: 13/45 MP: 10/23
  4852 | D:7      | Reached skill level 9 in Spellcasting
  5276 | D:8      | Offered knowledge of Dazzling Flash by Vehumet.
  5310 | D:7      | Learned a level 3 spell: Dazzling Flash
  5423 | D:7      | Noticed Menkaure
  5431 | D:8      | Noticed a two-headed ogre
  5442 | D:7      | Killed Menkaure
  5687 | D:7      | Reached skill level 10 in Spellcasting
  5833 | D:7      | Noticed Joseph
  5854 | D:7      | Killed Joseph
  5855 | D:7      | Reached skill level 1 in Shields
  6138 | D:8      | Reached **** piety under Vehumet
  6139 | D:8      | Reached skill level 10 in Necromancy
  6140 | D:8      | Offered knowledge of Olgreb's Toxic Radiance by Vehumet.
  6166 | D:8      | Learned a level 4 spell: Olgreb's Toxic Radiance
  6241 | D:8      | Found a hide-covered altar of Uskayaw.
  6264 | D:8      | Reached XP level 10. HP: 26/50 MP: 20/26
  6580 | D:8      | Found a transporter.
  6580 | D:8      | Found a transporter.
  6600 | D:8      | Found a transporter.
  6753 | D:8      | Killed a two-headed ogre
  6754 | D:8      | Reached skill level 1 in Poison Magic
  6765 | D:8      | Found a transporter.
  7054 | D:9      | Found a flagged portal.
  7125 | D:10     | Entered Level 10 of the Dungeon
  7157 | Bailey   | Entered a bailey
  7277 | Bailey   | Reached skill level 11 in Spellcasting
  7496 | Bailey   | Noticed an orc knight
  7522 | Bailey   | Killed an orc knight
  7523 | Bailey   | Reached skill level 5 in Conjurations
  7543 | Bailey   | Noticed an orc knight
  7567 | Bailey   | Killed an orc knight
  7594 | Bailey   | Identified the +2 bardiche of Puhoisos {heavy, rElec
                  | Stlth+}
  7913 | D:9      | Reached ***** piety under Vehumet
  7913 | D:9      | Offered knowledge of Fireball by Vehumet.
  7914 | D:9      | Reached skill level 1 in Fighting
  7914 | D:9      | Reached skill level 1 in Long Blades
  7920 | D:9      | Learned a level 5 spell: Fireball
  8036 | D:9      | Found a sparkling altar of Nemelex Xobeh.
  8053 | D:9      | Reached skill level 12 in Spellcasting
  8096 | D:9      | Noticed a two-headed ogre
  8124 | D:9      | Killed a two-headed ogre
  8375 | D:9      | Noticed a cyclops
  8389 | D:9      | Killed a cyclops
  8390 | D:9      | Reached skill level 1 in Fire Magic
  8435 | D:9      | Reached XP level 11. HP: 57/57 MP: 29/29
  8635 | D:9      | Noticed Harold
  8804 | D:10     | Found a sacrificial altar of Ru.
  8808 | D:10     | Reached skill level 5 in Translocations
  9033 | D:10     | Reached skill level 13 in Spellcasting
  9149 | D:10     | Found a staircase to the Orcish Mines.
  9626 | D:11     | Noticed Lodul
  9807 | D:10     | Reached skill level 1 in Armour
  9932 | D:11     | Offered knowledge of Spellforged Servitor by Vehumet.
 10091 | D:11     | Reached skill level 14 in Spellcasting
 10320 | D:11     | Reached skill level 5 in Poison Magic
 10388 | D:11     | Found a staircase to the Lair.
 10507 | D:11     | Noticed a two-headed ogre
 10519 | D:11     | Killed a two-headed ogre
 10533 | D:11     | Got Simple Magic
 10543 | D:11     | Reached XP level 12. HP: 64/66 MP: 17/32
 10566 | D:10     | Learned a level 7 spell: Spellforged Servitor
 10627 | D:11     | Found Fagafuf's Pet Rocks.
 10666 | D:11     | Noticed Psyche
 10690 | D:11     | Killed Psyche
 11163 | D:2      | Bought the ring of the Mage {Wiz Archmagi} for 714 gold
                  | pieces
 11163 | D:2      | Found the ring of the Mage {Wiz Archmagi}
 11403 | D:12     | Learned a level 2 spell: Wereblood
 11501 | D:12     | Found a portal to a secret trove of treasure.
 11547 | D:12     | Learned a level 2 spell: Poisonous Vapours
 11551 | D:12     | Learned a level 3 spell: Mephitic Cloud
 11557 | D:12     | Learned a level 5 spell: Freezing Cloud
 11734 | Trove    | Entered a treasure trove
 11743 | Trove    | Identified the ring of Akemeir {Fire Str+4}
 11746 | Trove    | Identified the ring of Descent {rPois rC+ Int+5 Stlth-}
 11763 | Trove    | Identified the +3 ring mail "Poady" {+Inv rF+ Dex+2 Slay-4}
 11856 | Lair:1   | Entered Level 1 of the Lair of Beasts
 12281 | Lair:1   | Reached skill level 15 in Spellcasting
 12301 | Lair:1   | Reached skill level 1 in Transmutations
 12739 | D:11     | Killed Lodul
 12742 | D:11     | Reached skill level 1 in Air Magic
 12883 | D:9      | Killed Harold
 13232 | Lair:2   | Reached skill level 1 in Ice Magic
 13398 | Lair:2   | Reached skill level 5 in Fighting
 13526 | Lair:2   | Found a transporter.
 13526 | Lair:2   | Found a transporter.
 13527 | Lair:2   | Noticed a boulder beetle
 13527 | Lair:2   | Noticed a boulder beetle
 13541 | Lair:2   | Killed a boulder beetle
 13547 | Lair:2   | Killed a boulder beetle
 13695 | Lair:2   | Found a staircase to the Shoals.
 14017 | Lair:3   | Reached XP level 13. HP: 72/72 MP: 27/34
 14222 | Lair:3   | Found a hole to the Spider Nest.
 14257 | Spider:1 | Entered Level 1 of the Spider Nest
 14303 | Spider:1 | Identified the +1 pair of boots of Piysunuo {Str+3}
 14394 | Lair:3   | Reached skill level 16 in Spellcasting
 14502 | Lair:3   | Identified the +3 leather armour of Okawaru's Inspiration
                  | {Str+4}
 14562 | Lair:3   | Reached skill level 5 in Fire Magic
 15432 | Lair:4   | Learned a level 4 spell: Sticky Flame
 15436 | Lair:4   | Learned a level 3 spell: Ignite Poison
 15442 | Lair:4   | Noticed Rupert
 15451 | Lair:4   | Killed Rupert
 15930 | Lair:5   | Entered Level 5 of the Lair of Beasts
 16155 | Lair:5   | Reached skill level 17 in Spellcasting
 16168 | Lair:5   | Reached XP level 14. HP: 76/80 MP: 37/37
 16269 | Lair:5   | Found a viscous altar of Jiyva.
 16269 | Lair:5   | Found a staircase to the Slime Pits.
 16657 | Lair:5   | Found a runed translucent door.
 16693 | Lair:5   | Reached skill level 1 in Earth Magic
 16717 | Lair:5   | Reached skill level 5 in Transmutations
 16787 | Lair:5   | Paralysed by a hornet for 1 turns
 17211 | Lair:5   | Got Utragud's Papyrus of the Inquisitive Olives
 17487 | Orc:1    | Entered Level 1 of the Orcish Mines
 17853 | D:2      | Bought the ring of Greed {rElec rPois rN+ AC+4 Str-2} for
                  | 758 gold pieces
 18034 | Orc:2    | Entered Level 2 of the Orcish Mines
 18307 | Orc:1    | Reached skill level 5 in Armour
 18312 | Orc:1    | Noticed an orc warlord
 18314 | Orc:1    | Offered knowledge of Lee's Rapid Deconstruction by Vehumet.
 18321 | Orc:1    | Killed an orc warlord
 18328 | Orc:1    | Learned a level 5 spell: Lee's Rapid Deconstruction
 18530 | Orc:2    | Found Roezostra's General Store.
 18538 | Orc:2    | Found Bamnuus's General Store.
 18546 | Orc:2    | Reached skill level 10 in Dodging
 18563 | Orc:2    | Bought a scroll of identify for 34 gold pieces
 18579 | Orc:2    | Noticed an orc warlord
 18596 | Orc:2    | Killed an orc warlord
 18623 | Orc:2    | Found a staircase to the Elven Halls.
 18819 | Orc:2    | Reached skill level 18 in Spellcasting
 18819 | Orc:2    | Reached skill level 5 in Air Magic
 18829 | Orc:2    | Reached skill level 5 in Ice Magic
 18896 | Orc:2    | Noticed Azrael
 18906 | Orc:2    | Killed Azrael
 19034 | Orc:2    | Offered knowledge of Arcjolt by Vehumet.
 19042 | Orc:2    | Learned a level 5 spell: Arcjolt
 19045 | Orc:2    | Found Huzal's Antique Armour Boutique.
 19045 | Orc:2    | Found a one-way gate leading to the halls of Pandemonium.
 19045 | Orc:2    | Found Jyohez's Book Shop.
 19260 | Spider:1 | Reached XP level 15. HP: 89/89 MP: 36/39
 20438 | Orc:2    | Bought a runed helmet for 270 gold pieces
 20728 | D:2      | Bought a ring of see invisible for 210 gold pieces
 21295 | Spider:3 | Noticed an emperor scorpion
 21304 | Spider:3 | Killed an emperor scorpion
 21726 | Spider:3 | Reached skill level 5 in Stealth
 21726 | Spider:3 | Reached skill level 19 in Spellcasting
 21884 | Spider:3 | Noticed an emperor scorpion
 22136 | Spider:3 | Killed an emperor scorpion
 22208 | Spider:3 | Slain by a broodmother

Illustrated notes

Levels and vault maps discovered:
D:1:      sevenhm_arrival_forest_fort_small_3, layout_rooms,
          chequers_serial_rivers_room_b, minmay_misc_feat_five
D:2:      layout_loops_ring, dreamdust_ecumenical_altar_angels_and_demons,
          serial_shops, shop
D:3:      layout_basic, grunt_temple_overflow_open, minmay_misc_feat_iff
D:4:      layout_basic, nicolae_overflow_quartered_altars, serial_shops,
          nicolae_diamond_shop
D:5:      layout_loops_ring, lemuel_doored_altar, minmay_misc_feat_rows,
          dreamdust_wishing_well
D:6:      layout_loops_cross, fedhas_altar_fruit_tree,
          minmay_temple_entry_glass, uniq_pikel, uniq_blork_the_orc
D:7:      layout_basic, uniq_menkaure, uniq_joseph, uniq_crazy_yiuf_cottage
D:8:      layout_basic, nicolae_uskayaw_dance_hall, serial_demonic,
          serial_demonic_d, serial_demonic_a, serial_demonic_c,
          serial_demonic_c, nicolae_diode_quadrants
D:9:      layout_irregular_city, kennysheep_little_box, enter_bailey_4,
          minmay_between, uniq_harold
D:10:     layout_basic, nicolae_ru_awakened_eye
D:11:     layout_rooms, hellmonk_lair_entry_icy, serial_ice, serial_ice_j,
          serial_ice_m, serial_ice_o, serial_ice_c, serial_ice_g, serial_ice_f,
          guppyfry_shop_earth, uniq_psyche, uniq_lodul
D:12:     layout_roguey, nicolae_trove_entry_crossroad
Lair:1:   layout_small_grid
Lair:2:   gammafunk_boulding_lane, layout_small_grid, elwin_shoals_entry_rooms
Lair:3:   kb_forest_paths, layout_chaotic_city, spider_nest_entry_rubble
Lair:4:   layout_hall_layers, grunt_megastairs_3, lemuel_fruit_fields,
          uniq_rupert
Lair:5:   guppyfry_lair_end_dragon, layout_misc_corridors, wormcave,
          dpeg_slime_entry_enclosed
Spider:1: layout_spider_delve, nicolae_spider_some_kinda_spiderbox
Spider:2: layout_spider_delve, nicolae_spider_twisty_arc_passages
Spider:3: layout_chambers, nicolae_orb_stairs
Orc:1:    layout_caves
Orc:2:    pf_orc_diabolical, layout_diamond_mine, uniq_azrael

Skill      XL: |  1  2  3  4  5  6  7  8  9 10 11 12 13 14 15 |
---------------+----------------------------------------------+-----
Necromancy     | 5 6 7 9 10 11 | 11.3
Dodging        | 3 4 5 6 7 8 9 10 | 10.8
Short Blades   | 1 2 3 4 |  4.1
Stealth        | 3 4 5 |  5.0
Spellcasting   | 4 5 7 8 10 12 14 15 17 18 19 | 19.2
Conjurations   | 1 3 4 5 |  5.7
Translocations | 2 3 4 5 6 |  6.4
Throwing       | 1 2 |  2.4
Shields        | 1 2 3 |  3.3
Poison Magic   | 3 5 6 7 8 |  8.9
Fighting       | 1 3 5 6 8 9 |  9.4
Long Blades    | 1 2 3 |  3.9
Fire Magic     | 1 2 4 5 |  5.5
Armour         | 2 3 4 5 6 |  6.0
Transmutations | 2 4 5 |  5.7
Air Magic      | 2 4 5 |  5.4
Ice Magic      | 2 3 5 6 |  6.1
Earth Magic    | 3 4 |  4.9
Evocations     | |  0.4

Action                     |  1- 3 |  4- 6 |  7- 9 | 10-12 | 13-15 || total
---------------------------+-------+-------+-------+-------+-------++-------
  Melee: Unarmed           |     9 |       |       |       |       ||     9
         Short sword       |    72 |   108 |    80 |       |       ||   260
         Dagger            |       |       |   148 |    20 |       ||   168
         Rapier            |       |       |    47 |    13 |    33 ||    93
         Punch             |       |       |     1 |       |       ||     1
         Great sword       |       |       |    43 |     1 |       ||    44
         Scimitar          |       |       |       |   199 |   175 ||   374
  Throw: Dart              |       |     5 |    31 |    21 |     2 ||    59
         Boomerang         |       |       |       |       |    20 ||    20
   Cast: Vampiric Draining |     4 |    17 |   107 |   104 |    35 ||   267
         Teleport Other    |       |       |     6 |     6 |       ||    12
         Magic Dart        |       |       |     6 |       |       ||     6
         Olgreb's Toxic Ra |       |       |     2 |    81 |    46 ||   129
         Fireball          |       |       |       |    41 |       ||    41
         Poisonous Vapours |       |       |       |    25 |   154 ||   179
         Freezing Cloud    |       |       |       |    13 |    55 ||    68
         Wereblood         |       |       |       |     4 |    24 ||    28
         Mephitic Cloud    |       |       |       |     3 |    17 ||    20
         Ignite Poison     |       |       |       |       |    99 ||    99
         Sticky Flame      |       |       |       |       |    13 ||    13
         Lee's Rapid Decon |       |       |       |       |     6 ||     6
  Evoke: Wand              |     1 |       |     9 |     2 |       ||    12
    Use: Scroll            |     1 |       |       |    17 |    13 ||    31
         Potion            |       |       |     4 |       |     7 ||    11
   Stab: Sleeping          |     1 |     3 |     4 |     5 |     6 ||    19
         Confused          |       |       |       |     1 |     1 ||     2
 Armour: Robe              |    16 |    28 |    96 |    47 |       ||   187
         Troll leather arm |       |       |       |    32 |   152 ||   184
  Dodge: Dodged            |    57 |    78 |   314 |   256 |   230 ||   935
  Block: Buckler           |       |       |       |    98 |    80 ||   178
